 Dungeon Crawl Stone Soup version 0.30-a0-694-g3340775977 (webtiles) character file.

Game seed: 10844208068636245421

56 Fenrisus the Shield-Bearer (level 4, -1/37 HPs)
             Began as a Formicid Fighter on Jan 20, 2023.
             Succumbed to Robin's poison
             ... on level 2 of the Dungeon.
             The game lasted 00:05:51 (1269 turns).

Fenrisus the Shield-Bearer (Formicid Fighter)       Turns: 1269, Time: 00:05:52

Health: -1/37      AC:  9    Str: 23    XL:     4   Next: 15%
Magic:  4/4        EV:  9    Int:  7    God:
Gold:   31         SH:  5    Dex: 13    Spells: 3/3 levels left

rFire   . . .      SeeInvis +    i - +1 spear (flame)
rCold   . . .      Faith    +    c - +0 buckler
rNeg    . . .      Spirit   .    b - +0 scale mail
rPois   .          Reflect  .    (helmet unavailable)
rElec   .          Harm     .    e - +0 cloak
rCorr   .          Rampage  .    (no gloves)
Will    .....                    j - +0 pair of boots Stlth
                                 k - amulet of faith
HPRegen 0.26/turn                (no ring)
MPRegen 0.09/turn                (no ring)

@: mighty, lethally poisoned (-1 -> -18)
A: permanent stasis, dig shafts and tunnels, antennae 3, four strong arms
a: Dig, Shaft Self


You were on level 2 of the Dungeon.
You visited 1 branch of the dungeon, and saw 2 of its levels.

You collected 31 gold pieces.

Inventory:

Hand Weapons
 a - a +0 quarterstaff
 i - a +1 spear of flaming (weapon)
Armour
 b - a +0 scale mail (worn)
 c - a +0 buckler (worn)
 e - a +0 cloak (worn)
 j - a +0 pair of boots (worn)
Jewellery
 g - a ring of ice
 k - an amulet of faith (around neck)
 l - a ring of wizardry
 n - a ring of ice
Potions
 o - a potion of ambrosia {unknown}


   Skills:
 + Level 3.8 Fighting
 + Level 1.3(2.0) Polearms
 - Level 2.1(2.3) Staves
 + Level 3.8 Armour
 + Level 4.6 Shields


You had 3 spell levels left.
You didn't know any spells.
Your spell library contained the following spells:

 Spells                   Type           Power      Damage    Failure   Level
 Freeze                   Ice            0%         1d3       80%         1
 Frozen Ramparts          Ice            0%         1d1       99%         3
 Hailstorm                Conj/Ice       0%         3d3       99%         3


Dungeon Overview and Level Annotations

Branches:
Dungeon (2/15)

Altars:

Annotations:
D:2 Robin


Innate Abilities, Weirdness & Mutations

You cannot be hasted, slowed, berserked, paralysed or teleported.
You can dig through walls and to a lower floor.
You have a pair of large antennae on your head. (SInv)
Your four strong arms can wield two-handed weapons with a shield.


Message History

You puncture the goblin! You burn the goblin.
You kill the goblin!
You feel sick. The goblin hits you but does no damage.
The goblin barely misses you.
Robin hits you from afar with a +2 spear of venom.
You are more poisoned.
The goblin completely misses you. The goblin hits you but does no damage.
The ball python hisses angrily.
You hit the hobgoblin. You burn the hobgoblin.
You kill the hobgoblin!
You feel very sick. The goblin hits you but does no damage.
A goblin comes into view. It is wielding a +0 club.
The goblin hits you with a +0 dagger. The goblin barely misses you.
Robin hits you from afar with a +2 spear of venom.
You are lethally poisoned!
You block the goblin's attack.
You are too injured to fight recklessly!
You are too injured to fight recklessly!
You are too injured to fight recklessly!
You are too injured to fight recklessly!
You puncture the goblin! You burn the goblin.
You kill the goblin!
* * * LOW HITPOINT WARNING * * *
You feel very sick.
The hobgoblin hits you but does no damage.
The goblin hits you with a +0 club.
* * * LOW HITPOINT WARNING * * *
A goblin comes into view. It is wielding a +0 club.
Robin hits you but does no damage.
You are more poisoned.
The goblin attacks as you move away! You block the goblin's attack.
* * * LOW HITPOINT WARNING * * *
You feel very sick. You block the goblin's attack.
Things that are here:
a +0 dagger; a goblin corpse The hobgoblin attacks as you move away!
The hobgoblin hits you but does no damage.
You die...

####...............#
.............###.#.#
.............#...#...
....#...###.#.### ..#
. #...# #.#.# ..#
#...# #.#.# .# #...#
#.#.# .# #...# #.#.#
#.@.# .#.. #g).# ###


#ggg# #)gg# ..wgSg{{ ..........g{ #.##.......... # #.......... #.......... You
could see Robin, a dart slug, a hobgoblin (strong), 6 goblins and a ball python.

Vanquished Creatures
  Terence (D:2)
  2 dart slugs (D:2)
  5 ball pythons (D:1)
  2 bats
  2 endoplasms (D:2)
  A giant cockroach (D:1)
  6 goblins
  2 hobgoblins
  A kobold (D:1)
  2 quokkas (D:1)
  A rat (D:2)
25 creatures vanquished.

Notes
Turn   | Place    | Note
-------+----------+-------------------------------------------
     0 | D:1      | Fenrisus the Formicid Fighter began the quest for the Orb.
     0 | D:1      | Reached XP level 1. HP: 18/18 MP: 1/1
   114 | D:1      | Reached XP level 2. HP: 24/24 MP: 2/2
   126 | D:1      | Found a faded altar of an unknown god.
  1136 | D:2      | Reached XP level 3. HP: 29/29 MP: 3/3
  1245 | D:2      | Reached skill level 1 in Polearms
  1254 | D:2      | Noticed Terence
  1256 | D:2      | Noticed Robin
  1262 | D:2      | Killed Terence
  1263 | D:2      | Reached XP level 4. HP: 18/37 MP: 4/4
  1269 | D:2      | Succumbed to Robin's poison

Illustrated notes

Levels and vault maps discovered:
D:1:      psy_arrival_whirlpool, layout_loops_corners,
          shapermc_ecumenical_altar_notcrosses, chequers_serial_rivers_small_b
D:2:      layout_basic, serial_shops, shop, minmay_pentomino_p4, uniq_robin,
          uniq_terence

Skill      XL: |  1  2  3 |
---------------+----------+-----
Polearms       | 1 |  1.3
Fighting       | |  3.8
Staves         | |  2.1
Armour         | |  3.8
Shields        | |  4.6

Action                   |  1- 3 |  4- 6 || total
-------------------------+-------+-------++-------
Melee: Spear             |    47 |     3 ||    50
       Quarterstaff      |     5 |       ||     5
  Use: Scroll            |     5 |       ||     5
       Potion            |       |     2 ||     2
Armor: Scale mail        |    17 |    10 ||    27
Dodge: Dodged            |    24 |     7 ||    31
Block: Buckler           |    14 |     5 ||    19

Table legend: (Time is in decaauts)
 A = Elapsed time spent in this place.
 B = Non-inter-level travel time spent in this place.
 C = Inter-level travel time spent in this place.
 D = Time resting spent in this place.
 E = Time spent auto-exploring this place.
 F = Levels seen in this place.
 G = Mean time per level.
                   A        B        C        D        E       F      G
               +--------+--------+--------+--------+--------+-----+--------+
         Total |   1276 |    195 |   1081 |     35 |      0 |   2 |  638.0 |
       Dungeon |   1276 |    195 |   1081 |     35 |      0 |   2 |  638.0 |
               +--------+--------+--------+--------+--------+-----+--------+

Top non-repeatable levels by time:
     D:1: 1032 daAuts
     D:2: 244 daAuts
